 Dungeon Crawl Stone Soup version 0.28-a0-691-gad6df49e81 (webtiles) character file.

Game seed: 6003834624064948155

4646 oldriver the Thaumaturge (level 10, -4/56 HPs)
             Began as an Octopode Fire Elementalist on Oct 20, 2021.
             Was a Believer of Vehumet.
             Slain by a wyvern (14 damage)
             ... on level 9 of the Dungeon.
             The game lasted 00:21:21 (12553 turns).

oldriver the Thaumaturge (OpFE)                    Turns: 12553, Time: 00:21:22

Health: -4/56      AC:  1    Str:  7    XL:     10   Next: 43%
Magic:  15/25      EV: 13    Int: 21    God:    Vehumet [**....]
Gold:   270        SH:  0    Dex: 13    Spells: 18/31 levels left

rFire   + . .      SeeInvis .   m - staff of conjuration
rCold   x . .      Faith    .   (no shield)
rNeg    . . .      Spirit   .   (helmet restricted)
rPois   +          Reflect  .   (no amulet)
rElec   .          Harm     .   p - ring of fire
rCorr   .          Rampage  .   D - ring of poison resistance
Will    .....                   (no ring)
Stlth   ++++......              (no ring)
HPRegen 0.18/turn               (no ring)
MPRegen 0.19/turn               (no ring)
                                (no ring)
                                (no ring)

@: no status effects
A: almost no armour, amphibious, 8 rings, camouflage 1, gelatinous body 1,
(nimble swimmer 1), tentacles
a: Renounce Religion


You were on level 9 of the Dungeon.
You worshipped Vehumet.
Vehumet was pleased with you.
You visited 2 branches of the dungeon, and saw 10 of its levels.

You collected 490 gold pieces.
You spent 220 gold pieces at shops.

Inventory:

Missiles
 A - a throwing net
Magical Staves
 m - a staff of conjuration (weapon)
Jewellery
 e - a ring of ice
 p - a ring of fire (left tentacle)
 D - a ring of poison resistance (right tentacle)
Wands
 o - a wand of mindburst (5)
 s - a wand of flame (15)
 w - a wand of digging (9)
 C - a wand of iceblast (4)
Scrolls
 b - 2 scrolls of brand weapon {unknown}
 f - 12 scrolls of identify {unknown}
 h - a scroll of amnesia {unknown}
 i - 2 scrolls of teleportation {unknown}
 l - a scroll of fear {unknown}
 q - 2 scrolls of enchant armour {unknown}
 r - a scroll of acquirement {unknown}
 u - a scroll of summoning {unknown}
 v - a scroll of enchant weapon {unknown}
 y - a scroll of magic mapping {unknown}
 z - 2 scrolls of immolation {unknown}
 B - 2 scrolls of torment {unknown}
 E - a scroll of noise {unknown}
 F - a scroll of fog {unknown}
 G - a scroll of blinking {unknown}
Potions
 a - 3 potions of flight {unknown}
 c - a potion of lignification {unknown}
 d - 6 potions of curing
 g - 5 potions of heal wounds {unknown}
 j - 2 potions of brilliance {unknown}
 k - a potion of mutation {unknown}
 n - 3 potions of degeneration {unknown}
 t - a potion of attraction {unknown}
 x - a potion of cancellation {unknown}


   Skills:
 + Level 0.2 Fighting
 + Level 2.2 Dodging
 + Level 4.2 Stealth
 * Level 11.4 Spellcasting
 + Level 4.6 Conjurations
 + Level 7.5 Fire Magic


You had 18 spell levels left.
You knew the following spells:

 Your Spells              Type           Power      Damage    Failure   Level
a - Foxfire               Conj/Fire      100%       2x1d9     1%          1
b - Scorch                Fire           100%       2d10      1%          2
c - Conjure Flame         Conj/Fire      71%        6-21      1%          3
d - Inner Flame           Hex/Fire       41%        N/A       3%          3
e - Flame Wave            Conj/Fire      71%        3d12      4%          4

Your spell library contained the following spells:

 Spells                   Type           Power      Damage    Failure   Level
 Poisonous Vapours        Pois/Air       22%        N/A       9%          2
 Ensorcelled Hibernation  Hex/Ice        22%        N/A       9%          2
 Tukima's Dance           Hex            11%        N/A       17%         3
 Alistair's Intoxication  Tmut/Pois      7%         N/A       83%         5
 Borgnjor's Vile Clutch   Necr/Erth      5%         N/A       83%         5
 Eringya's Noxious Bog    Tmut/Pois      5%         N/A       100%        6


Dungeon Overview and Level Annotations

Branches:
Dungeon (9/15)             Temple (1/1) D:4
   Lair: D:8-11         Orc: D:9-12

Altars:
Ashenzari
Cheibriados
Dithmenos
Elyvilon
Fedhas
Gozag
Hepliaklqana
Kikubaaqudgha
Makhleb
Nemelex Xobeh
Okawaru
Qazlal
Ru
Sif Muna
Trog
Uskayaw
Vehumet
Wu Jian
Xom
Yredelemnul
Zin
The Shining One

Shops:
D:6 =   D:9 *

Portals:
Abyss: D:7

Annotations:
D:7 2 transporters, siradein's ghost, novice DsGl


Innate Abilities, Weirdness & Mutations

You cannot wear most types of armour.
You are amphibious.
You can wear up to eight rings at the same time.
Your skin changes colour to match your surroundings (Stealth+).
Your rubbery body absorbs attacks. (AC +1, EV +1)
((You are camouflaged near water. (Stealth+)))
You have tentacles for arms and can constrict up to eight enemies at once.


Message History

The foxfire hits the wyvern but does no damage.
The foxfire hits the wyvern!
The wyvern is moderately wounded.
Casting: Foxfire (safe; 1% risk of failure)
Confirm with . or Enter, or press ? or * to list all spells.
You feel a strong surge of power!
You conjure some foxfire!
The foxfire hits the wyvern but does no damage.
The wyvern is moderately wounded.
The foxfire hits the wyvern.
The wyvern is moderately wounded.
The wyvern barely misses you.
Casting: Foxfire (safe; 1% risk of failure)
Confirm with . or Enter, or press ? or * to list all spells.
You feel a surge of power!
Flames lash the wyvern but do no damage.
The foxfire hits the wyvern.
The wyvern is heavily wounded.
The foxfire hits the wyvern but does no damage.
The wyvern is heavily wounded.
The wyvern bites you.
Casting: Scorch (safe; 1% risk of failure)
Confirm with . or Enter, or press ? or * to list all spells.
You feel a surge of power!
Flames lash the wyvern but do no damage.
The wyvern bites you! x2
Unknown command.
Casting: Scorch (safe; 1% risk of failure)
Confirm with . or Enter, or press ? or * to list all spells.
You feel a surge of power!
Flames lash the wyvern.
The wyvern is heavily wounded.
The wyvern's fire resistance burns away.
The wyvern bites you!
* * * LOW HITPOINT WARNING * * *
Casting: Scorch (safe; 1% risk of failure)
Confirm with . or Enter, or press ? or * to list all spells.
You feel a surge of power!
Flames lash the wyvern.
The wyvern is burned terribly!
The wyvern is almost dead.
The wyvern bites you!
You die...

#...<............. ##
#......).......... #..
#.......).)..########..
.#.........)..#.........
.'...####'#'###.........
..#'###..................
.........................
........................
.>.....@................
....).l######.#######'##
....... #.#........#
....... #.#........#
....... #.#........#
....... #........#
###.... ########## #....
...... .#####


You could see a wyvern (combustible).

Vanquished Creatures
  Pikel (D:8)
  Sigmund (D:3)
  Eustachio (D:6)
  2 water moccasins
  3 orc warriors
  A sky beast (D:8)
  2 hornet zombies (D:8)
  2 ice beasts (D:7)
  3 ogres
  A necrophage (D:7)
  6 centaurs
  4 lemures (D:8)
  A kobold brigand (D:9)
  3 bullfrogs
  A gnoll sergeant (D:7)
  3 scorpions
  A wyvern skeleton (D:6)
  10 killer bees
  2 howler monkeys (D:8)
  A jelly (D:7)
  3 bullfrog zombies
  6 orc priests
  2 centaur zombies
  A hound (D:6)
  2 bullfrog skeletons
  An iguana (D:6)
  10 orc wizards
  A killer bee zombie (D:7)
  3 hound skeletons (D:4)
  2 howler monkey zombies (D:9)
  7 adders
  9 gnolls
  A shadow imp (D:7)
  2 ufetubi
  A worm (D:3)
  4 dart slugs
  14 orcs
  2 endoplasms
  3 giant cockroaches
  7 goblins
  2 hobgoblins (D:2)
  6 ball pythons (D:2)
  4 bats
  2 frilled lizards
  11 kobolds
  2 rats (D:2)
157 creatures vanquished.

Vanquished Creatures (others)
  An ogre (D:7)
  A kobold brigand (D:7)
  A bullfrog (D:7)
  797 foxfires
800 creatures vanquished.

Grand Total: 957 creatures vanquished

Notes
Turn   | Place    | Note
-------+----------+-------------------------------------------
     0 | D:1      | oldriver the Octopode Fire Elementalist began the quest for
                  | the Orb.
     0 | D:1      | Reached XP level 1. HP: 11/11 MP: 3/3
   306 | D:1      | You fall into a shaft and drop 1 floor!
   328 | D:2      | Reached XP level 2. HP: 17/17 MP: 1/5
   408 | D:2      | Reached skill level 3 in Spellcasting
   966 | D:1      | Reached XP level 3. HP: 21/21 MP: 4/7
  2366 | D:3      | Reached skill level 4 in Spellcasting
  2366 | D:3      | Reached XP level 4. HP: 27/27 MP: 3/10
  2463 | D:3      | Noticed Sigmund
  2490 | D:3      | Killed Sigmund
  2491 | D:3      | Reached skill level 5 in Spellcasting
  2491 | D:3      | Reached XP level 5. HP: 2/31 MP: 4/13
  2491 | D:3      | Reached XP level 6. HP: 3/36 MP: 4/14
  3598 | D:3      | Learned a level 2 spell: Scorch
  3602 | D:3      | Learned a level 3 spell: Conjure Flame
  4231 | D:4      | Found a staircase to the Ecumenical Temple.
  4244 | D:4      | Reached skill level 6 in Spellcasting
  4392 | Temple   | Entered the Ecumenical Temple
  4448 | Temple   | Became a worshipper of Vehumet
  4480 | D:5      | Entered Level 5 of the Dungeon
  4480 | D:5      | Found an opulent altar of Gozag.
  4492 | D:4      | Found a glowing golden altar of the Shining One.
  4493 | D:4      | Found a shimmering blue altar of Sif Muna.
  4804 | D:4      | Reached XP level 7. HP: 41/41 MP: 1/16
  5156 | D:5      | Found a snail-covered altar of Cheibriados.
  5840 | D:6      | Noticed Eustachio
  6024 | D:6      | Reached skill level 7 in Spellcasting
  6041 | D:6      | Found Jodyi's Jewellery Shop.
  6207 | D:6      | Killed Eustachio
  6208 | D:6      | Reached XP level 8. HP: 46/46 MP: 0/19
  6526 | D:6      | Reached skill level 8 in Spellcasting
  6869 | D:6      | Reached skill level 5 in Fire Magic
  8050 | D:7      | Found a shimmering altar of Xom.
  8056 | D:7      | Reached XP level 9. HP: 29/51 MP: 13/21
  8213 | D:7      | Noticed a toenail golem
  8216 | D:7      | Found a one-way gate to the infinite horrors of the Abyss.
  8216 | D:7      | Noticed siradein's ghost (novice DsGl)
  8249 | D:7      | Reached skill level 9 in Spellcasting
  8255 | D:7      | Learned a level 3 spell: Inner Flame
  8260 | D:7      | Learned a level 4 spell: Flame Wave
  8263 | D:6      | Noticed a rust devil
  8263 | D:6      | Noticed a rust devil
  8275 | D:7      | Reached * piety under Vehumet
  8275 | D:7      | Offered knowledge of Sandblast by Vehumet.
  8554 | D:7      | Noticed a cyan ugly thing
  8570 | D:7      | Found a sacrificial altar of Ru.
  8688 | D:7      | Found a transporter.
  8696 | D:7      | Found a transporter.
  9815 | D:6      | Bought a ring of poison resistance for 220 gold pieces
 10151 | D:8      | Reached skill level 10 in Spellcasting
 10500 | D:8      | Reached ** piety under Vehumet
 10711 | D:8      | Noticed Pikel
 10714 | D:8      | Offered knowledge of Poisonous Vapours by Vehumet.
 10908 | D:8      | Reached XP level 10. HP: 56/56 MP: 16/24
 11136 | D:8      | Found a sparkling altar of Nemelex Xobeh.
 11175 | D:8      | Killed Pikel
 11343 | D:8      | Reached skill level 11 in Spellcasting
 11479 | D:8      | Found a blossoming altar of Fedhas.
 12012 | D:9      | Found Zin's Purification Station.
 12015 | D:9      | Found a glowing silver altar of Zin.
 12553 | D:9      | Slain by a wyvern

Illustrated notes

Levels and vault maps discovered:
D:1:      psy_arrival_heroes, layout_loops_ring, chequers_serial_rivers_micro_b,
          chequers_garden
D:2:      layout_loops_ring, minmay_circled_x
D:3:      layout_basic, minmay_puff, uniq_sigmund
D:4:      layout_loops_ring, jmf_multi_god_temple,
          minmay_temple_entry_junction_2, minmay_misc_feat_square
D:5:      layout_loops_ring, grunt_temple_overflow_open, fountainhead
D:6:      cheibrodos_iron_armory, layout_layer_cave, serial_shops, shop,
          uniq_eustachio
D:7:      layout_basic, xom_confusion_cloud, hangedman_ru_absence,
          gammafunk_ghost_abyssal_escape
D:8:      layout_basic, nemelex_xobeh_ov_fountains_minmay,
          mainiacjoe_overflow_small_starburst, uniq_pikel
D:9:      lemuel_ice_spiral_2, layout_irregular_city, zin_purify,
          hiddenorc1_lemuel
Temple:   cyrus_circular_temple

Skill      XL: |  1  2  3  4  5  6  7  8  9 10 |
---------------+-------------------------------+-----
Spellcasting   | 3 4 5 6 7 8 10 11 | 11.4
Stealth        | 3 4 |  4.2
Conjurations   | 2 3 4 |  4.6
Fire Magic     | 4 5 7 |  7.5
Fighting       | |  0.2
Dodging        | |  2.2

Action                   |  1- 3 |  4- 6 |  7- 9 | 10-12 || total
-------------------------+-------+-------+-------+-------++-------
Melee: Unarmed           |     4 |       |       |       ||     4
       Constrict         |     2 |     1 |       |       ||     3
       Tentacles         |     2 |       |       |       ||     2
       Staff             |       |     1 |     1 |       ||     2
 Cast: Foxfire           |    95 |    86 |   237 |    97 ||   515
       Scorch            |       |     9 |    69 |    19 ||    97
       Conjure Flame     |       |     2 |     4 |       ||     6
       Flame Wave        |       |       |     1 |       ||     1
  Use: Potion            |       |       |     3 |       ||     3
Armor: Skin              |     4 |       |     5 |       ||     9
Dodge: Dodged            |    17 |     7 |    43 |     7 ||    74

Table legend: (Time is in decaauts)
 A = Elapsed time spent in this place.
 B = Non-inter-level travel time spent in this place.
 C = Inter-level travel time spent in this place.
 D = Time resting spent in this place.
 E = Time spent auto-exploring this place.
 F = Levels seen in this place.
 G = Mean time per level.
                   A        B        C        D        E       F      G
               +--------+--------+--------+--------+--------+-----+--------+
         Total |  12561 |  11907 |    654 |   3440 |   6920 |  10 | 1256.1 |
       Dungeon |  12491 |  11850 |    641 |   3440 |   6877 |   9 | 1387.9 |
        Temple |     69 |     56 |     13 |      0 |     43 |   1 |   69.0 |
               +--------+--------+--------+--------+--------+-----+--------+

Top non-repeatable levels by time:
     D:7: 2398 daAuts
     D:6: 2017 daAuts
     D:8: 1687 daAuts
     D:3: 1540 daAuts
     D:2: 1418 daAuts
     D:4: 1208 daAuts
     D:1: 899 daAuts
     D:5: 749 daAuts
     D:9: 571 daAuts
  Temple: 69 daAuts
